 Dungeon Crawl Stone Soup version 0.29.1-15-g9cfb28693d (webtiles) character file.

Game seed: 12838160722483978326

81197115 redmage the Archmage (level 27, 228/228 HPs)
             Began as a Meteoran Earth Elementalist on Sept 15, 2023.
             Was the Champion of Kikubaaqudgha.
             Escaped with the Orb
             ... and 15 runes on Sept 21, 2023!
             The game lasted 12:10:01 (17617 turns).

redmage the Archmage (Meteoran Earth Elementalist) Turns: 17617, Time: 12:10:02

Health: 228/228    AC: 26    Str: 14    XL:     27
Magic:  62/73      EV: 20    Int: 28    God:    Kikubaaqudgha [******]
Gold:   3381       SH: 17    Dex: 17    Spells: 2/80 levels left

rFire   + + +      SeeInvis +   t - +9 demon trident (vamp)
rCold   + + .      Faith    .   U - +3 kite shield {AC+3}
rNeg    + + +      Spirit   .   z - +4 troll leather armour
rPois   ∞          Reflect  .   r - +0 hat of Vaitilag {Fly rElec Will+ MP+9}
rElec   +          Harm     .   w - scarf {rC+ rF+}
rCorr   .          Rampage  .   c - +2 pair of gloves {infuse}
Will    +++++                   j - +1 pair of boots {Stlth+}
Stlth   +.........              Q - amulet of magic regeneration
HPRegen 1.28/turn               f - ring "Heurhyg" {rN+ AC+4 Dex+2}
MPRegen 0.83/turn               m - ring of Nycal {rF+++ MP+9 Str+2 Int-3 SInv}

@: lich-form, death channelling, flying, hasted, glowing, studying 2 skills,
very quick
A: draining attack, torment immunity, no potions, sense surroundings 3,
otherworldly, glowing, explore regen
0: Orb of Zot
}: 15/15 runes: decaying, serpentine, slimy, silver, golden, iron, obsidian,
icy, bone, abyssal, demonic, glowing, magical, fiery, dark
a: End Transformation, Renounce Religion, Unearth Wretches, Torment


You escaped.
You worshipped Kikubaaqudgha.
Kikubaaqudgha was exalted by your worship.
You were an undead lich.
You visited 17 branches of the dungeon, and saw 85 of its levels.
You visited Pandemonium 2 times, and saw 15 of its levels.
You visited the Abyss 2 times.
You visited 1 ziggurat, and saw 12 of its levels.

You collected 4611 gold pieces.
You spent 1230 gold pieces at shops.

Inventory:

Hand Weapons
 a - the +10 flail of the Summoning Pariah {drain, rC+ rCorr Dex+6}
   (You found it on level 10 of the Dungeon)

   A truly terrible weapon, it drains the life of any living foe it strikes.
   Dex:       It affects your dexterity (+6).
   rC:        It protects you from cold.
   rCorr:     It protects you from acid and corrosion.
 g - the +7 demon trident "Vaof" {freeze, rElec SInv}
   (You found it in Pandemonium)

   It freezes those it strikes, dealing additional cold damage.
   It can also slow down cold-blooded creatures.
   rElec:     It insulates you from electricity.
   SInv:      It lets you see invisible.
 h - a +7 eudemon blade of holy wrath
 t - a +9 vampiric demon trident (weapon)
Missiles
 b - 2 throwing nets (quivered)
Armour
 c - a +2 pair of gloves of infusion (worn)
 j - a +1 pair of boots of stealth (worn)
 p - a scarf of repulsion
 r - the +0 hat of Vaitilag (worn) {Fly rElec Will+ MP+9}
   (You bought it in a shop on level 2 of the Orcish Mines)

   rElec:     It insulates you from electricity.
   MP:        It affects your magic capacity (+9).
   Fly:       It grants you flight.
   Will:      It increases your willpower.
 w - a scarf of resistance (worn)
 z - a +4 troll leather armour (worn)
 H - an orb of energy
 U - a +3 kite shield of protection (worn)
Magical Staves
 x - a staff of air
 I - a staff of cold
 Y - a staff of earth
Jewellery
 f - the ring "Heurhyg" (left hand) {rN+ AC+4 Dex+2}
   (You found it on level 5 of the Vaults)

   [ring of protection]

   AC:        It affects your AC (+4).
   Dex:       It affects your dexterity (+2).
   rN:        It protects you from negative energy.
 m - the ring of Nycal (right hand) {rF+++ MP+9 Str+2 Int-3 SInv}
   (You found it on level 10 of the Dungeon)

   [ring of magical power]

   Str:       It affects your strength (+2).
   Int:       It affects your intelligence (-3).
   rF:        It renders you almost immune to fire.
   MP:        It affects your magic capacity (+9).
   SInv:      It lets you see invisible.
 K - a ring of wizardry
 Q - an amulet of magic regeneration (around neck)
 X - an amulet of regeneration
Wands
 d - a wand of quicksilver (32)
 l - a wand of roots (41)
Scrolls
 n - 8 scrolls of butterflies
 s - a scroll of torment
 u - 5 scrolls of blinking
 v - 12 scrolls of teleportation
 L - 5 scrolls of fear
 T - a scroll of summoning
 W - 9 scrolls of immolation
 Z - 2 scrolls of amnesia
Potions
 e - 5 potions of heal wounds
 i - 6 potions of attraction
 k - 2 potions of cancellation
 o - 6 potions of might
 B - 6 potions of magic
 C - 2 potions of haste
 D - 2 potions of berserk rage
 E - 7 potions of lignification
 G - 12 potions of curing
 J - 5 potions of resistance
 O - 6 potions of mutation
Miscellaneous
 y - a figurine of a ziggurat
 A - a tin of tremorstones (2/2)
 F - a phantom mirror
 P - a lightning rod (4/4)
 V - a condenser vane


   Skills:
 - Level 15.2 Fighting
 - Level 3.1 Long Blades
 - Level 21.1 Polearms
 - Level 3.1 Armour
 - Level 16.3 Dodging
 - Level 1.4 Stealth
 - Level 16.0 Shields
 O Level 27 Spellcasting
 - Level 10.0 Conjurations
 - Level 9.0 Summonings
 - Level 25.4 Necromancy
 + Level 8.4 Translocations
 - Level 16.0 Transmutations
 - Level 19.0 Fire Magic
 - Level 12.4 Ice Magic
 - Level 19.3 Air Magic
 - Level 25.0 Earth Magic


You had 2 spell levels left.
You knew the following spells:

 Your Spells              Type           Power      Damage    Failure   Level
a - Ignition              Fire           48%        3d14      4%          8
b - Passwall              Tmut/Erth      83%        N/A       0%          2
c - Stone Arrow           Conj/Erth      100%       3d13      0%          3
d - Borgnjor's Vile Clut  Necr/Erth      66%        N/A       0%          5
e - Death Channel         Necr           67%        N/A       0%          6
f - Infestation           Necr           67%        N/A       1%          8
g - Freezing Cloud        Conj/Ice/Air   43%        6-21      1%          5
h - Haunt                 Necr/Summ      58%        N/A       1%          7
i - Blink                 Tloc           100%       N/A       1%          2
j - Death's Door          Necr           67%        N/A       4%          9
p - Maxwell's Capacitive  Air            49%        ∞         3%          8
q - Apportation           Tloc           100%       N/A       1%          1
v - Sublimation of Blood  Necr           100%       N/A       0%          2
w - Necromutation         Tmut/Necr      62%        N/A       1%          8
z - Passage of Golubria   Tloc           71%        N/A       1%          4

Your spell library contained the following spells:

 Spells                   Type           Power      Damage    Failure   Level
 Freeze                   Ice            100%       1d11      0%          1
 Necrotise                Necr           100%       1d9       0%          1
 Sandblast                Erth           100%       2d20      0%          1
 Shock                    Conj/Air       100%       1d9       0%          1
 Scorch                   Fire           100%       2d10      0%          2
 Static Discharge         Conj/Air       88%        3-14/arc  0%          2
 Wereblood                Tmut           91%        N/A       0%          2
 Magic Dart               Conj           100%       1d8       1%          1
 Slow                     Hex            100%       N/A       1%          1
 Summon Small Mammal      Summ           100%       N/A       1%          1
 Call Imp                 Summ           73%        N/A       1%          2
 Ensorcelled Hibernation  Hex/Ice        100%       N/A       1%          2
 Poisonous Vapours        Pois/Air       100%       N/A       1%          2
 Searing Ray              Conj           100%       2d8       1%          2
 Conjure Flame            Conj/Fire      87%        6-21      0%          3
 Swiftness                Air            98%        N/A       0%          3
 Vampiric Draining        Necr           100%       2d13      0%          3
 Airstrike                Air            49%        2d(7-23)  0%          4
 Animate Armour           Summ/Erth      100%       N/A       0%          4
 Animate Dead             Necr           100%       N/A       0%          4
 Dispel Undead            Necr           100%       3d31      0%          4
 Petrify                  Tmut/Erth      100%       N/A       0%          4
 Agony                    Necr           100%       N/A       0%          5
 Lee's Rapid Deconstruct  Erth           54%        3d26*     0%          5
 Call Canine Familiar     Summ           73%        N/A       1%          3
 Frozen Ramparts          Ice            100%       1d16      1%          3
 Gell's Gravitas          Tloc           71%        N/A       1%          3
 Ignite Poison            Fire/Tmut/Pois 80%        N/A       1%          3
 Lesser Beckoning         Tloc           71%        N/A       1%          3
 Mephitic Cloud           Conj/Pois/Air  75%        N/A       1%          3
 Ozocubu's Armour         Ice            82%        N/A       1%          3
 Summon Guardian Golem    Hex/Summ       58%        N/A       1%          3
 Teleport Other           Tloc           71%        N/A       1%          3
 Corpse Rot               Necr/Pois/Air  100%       N/A       1%          4
 Flame Wave               Conj/Fire      87%        2d19      1%          4
 Hailstorm                Conj/Ice       79%        3d16      1%          4
 Leda's Liquefaction      Hex/Erth       41%        N/A       1%          4
 Sticky Flame             Conj/Fire      87%        2d10      1%          4
 Summon Ice Beast         Ice/Summ       78%        N/A       1%          4
 Summon Lightning Spire   Summ/Air       87%        N/A       1%          4
 Alistair's Intoxication  Tmut/Pois      46%        N/A       1%          5
 Blade Hands              Tmut           45%        N/A       1%          5
 Lightning Bolt           Conj/Air       44%        1d63      1%          5
 Manifold Assault         Tloc           71%        N/A       1%          5
 Silence                  Hex/Air        37%        N/A       1%          5
 Summon Forest            Summ/Tloc      36%        N/A       1%          5
 Yara's Violent Unravell  Hex/Tmut       35%        3d14      1%          5
 Iron Shot                Conj/Erth      47%        9d9       1%          6
 Simulacrum               Ice/Necr       60%        N/A       1%          6
 Statue Form              Tmut/Erth      66%        N/A       1%          6
 Dragon Form              Tmut           45%        N/A       1%          7
 Borgnjor's Revivificati  Necr           67%        N/A       1%          8
 Metabolic Englaciation   Hex/Ice        32%        N/A       3%          5
 Confusing Touch          Hex            37%        N/A       4%          3
 Summon Cactus Giant      Summ           36%        N/A       5%          6
 Dispersal                Tloc           35%        N/A       7%          6
 Ozocubu's Refrigeration  Ice            41%        4d16      8%          7
 Lehudib's Crystal Spear  Conj/Erth      47%        10d11     8%          8
 Cause Fear               Hex            18%        N/A       14%         4
 Olgreb's Toxic Radiance  Pois           37%        N/A       14%         4
 Orb of Destruction       Conj           38%        9d11      21%         7
 Spellforged Servitor     Conj/Summ      37%        N/A       26%         7
 Summon Hydra             Summ           36%        N/A       30%         7
 Malign Gateway           Summ/Tloc      36%        N/A       34%         7
 Summon Horrible Things   Summ           36%        N/A       94%         8
 Chain Lightning          Conj/Air       44%        3d58      98%         9
 Enfeeble                 Hex            18%        N/A       100%        7
 Dragon's Call            Summ           36%        N/A       100%        9
 Polar Vortex             Ice            41%        N/A       100%        9


Dungeon Overview and Level Annotations

Branches:
Dungeon (15/15)            Temple (1/1) D:6            Lair (5/5) D:10
  Swamp (4/4) Lair:2        Snake (4/4) Lair:3        Slime (5/5) Lair:4
    Orc (2/2) D:11            Elf (0/3) Orc:2        Vaults (5/5) D:13
  Crypt (3/3) Vaults:2       Tomb (3/3) Crypt:3      Depths (4/4) D:15
   Hell (visited)             Dis (7/7) Hell            Geh (7/7) Hell
    Coc (7/7) Hell            Tar (7/7) Hell            Zot (5/5) Depths:4

Altars:
Ashenzari
Dithmenos
Elyvilon
Fedhas
Hepliaklqana
Kikubaaqudgha
Makhleb
Nemelex Xobeh
Okawaru
Qazlal
Ru
Sif Muna
Trog
Uskayaw
Vehumet
Wu Jian
Zin
The Shining One

Shops:
D:3 (   Orc:1 (   Orc:2 [[(*   Snake:1 ![   Snake:2 [=(?   Vaults:2 *

Portals:
Hell: Depths:1 Depths:2 Depths:3 Depths:4
Abyss: Depths:3
Pandemonium: Depths:2
Trove: D:12 (give 8 potions of haste)

Annotations:
D:4 Edmund
D:7 Erica
D:9 exclusion: upstairs
D:10 exclusion: obsidian statue
D:15 exclusion: 2 upstairs
Swamp:3 1 transporter, exclusion: obsidian statue
Vaults:1 exclusion: downstairs
Vaults:3 exclusion: upstairs
Depths:2 exclusion: upstairs
Depths:3 exclusion: upstairs
Depths:4 exclusion: upstairs
Zot:2 1 transporter


Innate Abilities, Weirdness & Mutations

You are an undead lich.
Your unarmed attacks are suffused with negative energy.
You are immune to unholy pain and torment.
Your necromantic spells are more powerful.
You cannot drink.
You are immune to poison.
You passively map a large area around you.
You are easily found by Zot.
You glow in the dark.
You regain HP and MP as you explore.


Message History

Casting: Passage of Golubria (mildly dangerous; 1% risk of failure)
Confirm with . or Enter, or press ? or * to list all spells.
Aiming: Passage of Golubria (mildly dangerous; 1% risk of failure)
Press: ? - help, Dir - move target The Orb disrupts the stability of your passage!
You block the bat's attack.
You hear a snapping sound.
Things that are here:
a +0 dagger; a goblin skeleton The bat attacks as you move away!
You block the bat's attack. The bat hits you but does no damage.
The bat attacks as you move away! You block the bat's attack.
The bat misses you.
There is a stone staircase leading up here.
Magic restored.
The bat hits you but does no damage.
You fly upwards.
There is a stone staircase leading down here.
You block the bat's attack.
The six-headed hydra roars!
You block the bat's attack. You block the bat's attack.
You block the bat's attack. You block the bat's attack.
There is a large open door here.
Casting: Passage of Golubria (mildly dangerous; 1% risk of failure)
Confirm with . or Enter, or press ? or * to list all spells.
Malign forces permeate your being, awaiting release.
You block the bat's attack.
Unknown command.
Casting: Death Channel (safe; 0% risk of failure)
Confirm with . or Enter, or press ? or * to list all spells.
Your body is suffused with negative energy!
You block the bat's attack.
Unknown command.
The bat attacks as you move away! You block the bat's attack. x2
You block the bat's attack. You block the bat's attack.
There is a staircase leading out of the dungeon here.
You block the bat's attack.
You have escaped!

#........# , .. ##........#
,,* * ..........# ##........#
* , #........# , , ,,
#........# *.. , * #........#
*..# , .##.#####.# #### #.# **
.##.# .# ♣♣♣.L♣♣♣#.## #
.##.#####.# ♣Y♣..♣D♣#..# #,.#
.##.......#####..####..#.#..#.
.....#.....#..#b'#..#..#......
..#..# #...#........#.>.....#
..#..#.#...#........#....#..#
............................#
#.#....##...##.####....#.#.##
#.#..####... #.# #..........


You could see a bat.

Vanquished Creatures
  Cerebov (Pan)
  Antaeus (Coc:7)
  Asmodeus (Geh:7)
  Gloorx Vloq (Pan)
  Mnoleg (Pan)
  Lom Lobon (Pan)
  6 dread liches
  Dispater (Dis:7)
  2 ancient liches (Tar:4)
  13 royal mummies
  3 Killer Klowns (Zig:11)
  13 shard shrikes
  Saint Roka (Orc:2)
  10 caustic shrikes
  Geryon (Hell)
  5 golden dragons
  2 profane servitors (Tar:7)
  A pearl dragon (Pan)
  3 bone dragons (Tar:7)
  4 doom hounds (Hell)
  4 hellephants
  4 iron giants (Dis:7)
  7 Tzitzimimeh
  5 Brimstone Fiends
  A spectral shard shrike (Tar:5)
  10 Hell Sentinels
  2 liches (Tomb:3)
  7 tainted leviathans (Tar:7)
  12 Ice Fiends
  5 titans
  2 Orb Guardians (Zot:5)
  2 searing wretches
  2 pandemonium lords
  3 quicksilver dragons
  2 death cobs
  A tentacled starspawn (Zig:10)
  3 Executioners (Pan)
  6 ancient champions
  4 tengu reavers
  5 shadow dragons
  6 storm dragons
  Donald (Swamp:1)
  3 daevas (Pan)
  3 narguns
  A deep elf sorcerer (Coc:5)
  10 fire giants
  A demonspawn warmonger (Pan)
  An emperor scorpion (Tomb:3)
  4 frost giants
  A draconian monk (Depths:4)
  2 azure jellies
  2 shard shrike simulacra
  3 ghost moths
  7 vault wardens
  A draconian stormcaller (Tar:2)
  A draconian shifter (Geh:4)
  A ghoul (Crypt:1)
  3 curse skulls
  4 angels
  2 cacodemons (Pan)
  14 balrugs
  A caustic shrike zombie (Tomb:3)
  A quicksilver ooze (Slime:3)
  A reaper (Hell)
  4 spriggan defenders
  2 demonspawn corrupters
  A stone giant (shapeshifter) (Zig:11)
  7 ironbound preservers
  A vampire knight (Depths:3)
  3 war gargoyles
  2 demonspawn blood saints (Pan)
  4 very ugly things
  2 eleionomae
  4 ophanim (Pan)
  A starcursed mass (Zig:10)
  17 elemental wellsprings
  2 green draconians
  2 putrid mouths (Tar:7)
  6 wendigos
  3 bennus (Tomb:2)
  4 dire elephants
  2 deep elf annihilators
  3 lorocyprocas (Pan)
  3 stone giants
  A red draconian (Geh:3)
  2 entropy weavers (Zig:8)
  7 spark wasps
  4 purple draconians
  2 white draconians
  A yellow draconian (Zot:2)
  2 ettins
  7 iron golems
  A blizzard demon (Pan)
  A green death (Zig:10)
  18 mummy priests
  A deep elf death mage (Pan)
  A hydra (Swamp:4)
  2 deep elf high priests
  A spriggan zombie (Tomb:3)
  16 vault guards
  2 fire dragons
  5 ice dragons
  4 rakshasas
  6 yaktaur captains
  Harold (D:10)
  A jorogumo (Zig:8)
  3 juggernaut simulacra
  A boulder beetle (D:14)
  5 great orbs of eyes
  4 salamander tyrants
  An anaconda (Snake:3)
  4 ironbound frosthearts
  2 stokers
  2 spriggan air magi
  3 ogre magi
  7 centaur warriors
  A naga warrior (Snake:2)
  2 two-headed ogres
  3 caustic shrike simulacra
  4 death yaks (D:10)
  An alligator (Swamp:4)
  2 deep troll earth magi
  A thrashing horror (Zig:10)
  10 death scarabs (Tomb:1)
  A naga sharpshooter (Snake:3)
  9 hell hogs
  2 soul eaters
  17 sun demons
  4 hell knights
  A shock serpent (Snake:2)
  A salamander mystic (Snake:4)
  5 cherubim (Pan)
  4 sixfirhies
  4 shadow wraiths
  15 skeletal warriors
  6 orb spiders
  3 shadow demons (Pan)
  7 ironbound convokers
  A quicksilver dragon simulacrum (Coc:3)
  2 naga ritualists (Snake:4)
  12 deep trolls
  2 wizards
  A swamp dragon (Swamp:2)
  Pikel (D:9)
  A deep elf archer (Crypt:3)
  A glowing orange brain (Depths:2)
  3 mana vipers
  2 orc knights
  2 harpies (Vaults:2)
  A wolf spider (Zig:8)
  3 necromancers
  A deep elf pyromancer (Crypt:3)
  An orc sorcerer (Orc:2)
  3 phantasmal warriors
  12 ugly things
  A stone giant zombie (Tar:3)
  A large abomination (Pan)
  A cyclops (shapeshifter) (Zig:11)
  17 moths of wrath
  An oklob plant (Snake:1)
  3 worldbinders (Abyss:4)
  A stone giant skeleton (Vaults:2)
  5 elephants
  A centaur zombie (Tomb:2)
  2 salamanders
  3 orange demons (Pan)
  5 vault sentinels
  4 human skeletons (Vaults:2)
  A guardian serpent (Snake:4)
  3 molten gargoyles (Geh:7)
  Maurice (D:10)
  2 cyclopes
  5 black mambas
  2 torpor snails
  2 smoke demons (Pan)
  6 cane toads
  A centaur skeleton (Tomb:1)
  9 hellions
  3 demonic crawlers
  3 unseen horrors
  A bunyip simulacrum (Coc:1)
  A freezing wraith (Coc:7)
  A rime drake (Lair:5)
  7 tormentors
  7 yaktaurs
  A komodo dragon (Lair:3)
  A golden dragon simulacrum (Coc:3)
  30 guardian mummies
  2 anaconda simulacra (Coc:3)
  2 ancient zymes (Zig:10)
  An efreet (Pan)
  An iron giant simulacrum (Coc:6)
  9 trolls
  3 human zombies
  A red devil (Pan)
  An elf skeleton (Vaults:2)
  A meliai (Zig:8)
  A raiju (Abyss:4)
  2 polar bears
  A slime creature (shapeshifter) (Hell)
  11 blink frogs
  7 slime creatures
  A dream sheep (shapeshifter) (Zig:12)
  4 dream sheep (Lair:3)
  An ice dragon zombie (Depths:3)
  A hydra skeleton (Tomb:2)
  A black mamba zombie (Snake:4)
  2 vampires
  A centaur simulacrum (Coc:2)
  An ettin skeleton (Vaults:2)
  2 dire elephant simulacra
  6 flying skulls
  12 ushabtiu
  A water elemental (Abyss:4)
  5 yaks
  A ynoxinul (Pan)
  2 golden eyes
  7 neqoxecs
  5 humans (D:13)
  A steam dragon (D:8)
  10 nagas
  4 swamp worms (D:10)
  8 water moccasins
  A warg (D:11)
  11 harpy simulacra
  4 hell hounds (Hell)
  A floating eye (Depths:1)
  9 hydra simulacra (Swamp:4)
  An ogre skeleton (Vaults:2)
  17 orc warriors
  4 ettin simulacra
  2 centaurs
  8 ogres
  A lemure (D:9)
  A kobold brigand (D:8)
  A necrophage (Crypt:1)
  4 bullfrogs
  A gnoll sergeant (D:5)
  A scorpion (D:4)
  9 wights
  2 troll zombies (Orc:2)
  10 killer bees (D:9)
  A howler monkey (shapeshifter) (Zig:12)
  A howler monkey (D:11)
  2 hounds (D:7)
  11 orc priests
  A gnoll bouda (D:10)
  A jelly (D:3)
  5 iguanas
  8 orc wizards
  3 hell rats (Lair:4)
  3 ogre zombies (Orc:2)
  3 naga zombies
  23 mummies
  A howler monkey zombie (D:11)
  Robin (D:4)
  4 adders
  13 gnolls
  A shadow imp (D:5)
  A white imp (D:5)
  2 swamp drake simulacra (Swamp:4)
  34 orcs
  2 bats (D:3)
  5 endoplasms
  5 giant cockroaches
  10 goblins
  6 hobgoblins (D:4)
  2 jackals (D:2)
  7 kobolds
  2 quokkas
  4 ball pythons
  A frilled lizard (D:2)
  4 orc zombies
  4 rats
  10 briar patches (D:10)
  3 creeping infernos
  3 fire vortices
1101 creatures vanquished.

Vanquished Creatures (collateral kills)
  the Royal Jelly (Slime:5)
  Ereshkigal (Tar:7)
  the Serpent of Hell (Tar:7)
  A seraph (Pan)
  3 dread liches
  9 ancient liches
  An orb of fire (Zot:5)
  Mara (Depths:1)
  2 juggernauts
  A pandemonium lord (Pan)
  19 royal mummies
  5 Killer Klowns
  6 shard shrikes
  Margery (Depths:2)
  18 caustic shrikes
  A curse toe (Zot:2)
  2 golden dragons
  4 profane servitors
  6 bone dragons
  3 Tzitzimimeh
  4 doom hounds
  2 iron giants
  An electric golem (Zot:5)
  4 hellephants
  3 Brimstone Fiends (Geh:7)
  2 deep elf blademasters (Abyss:4)
  Rupert (D:13)
  9 tentacled monstrosities
  2 liches
  15 searing wretches
  7 Hell Sentinels
  18 Orb Guardians (Zot:5)
  7 tainted leviathans
  10 titans
  Jorgrun (Swamp:1)
  23 acid blobs
  13 Ice Fiends
  A quicksilver dragon (Dis:4)
  12 Executioners (Pan)
  An eldritch tentacle (Pan)
  7 sphinxes
  17 ancient champions
  5 tengu reavers
  A death cob (Zot:2)
  A thorn hunter (Abyss:4)
  2 nagarajas (Snake:4)
  6 shadow dragons
  3 storm dragons
  A revenant (Zig:6)
  13 fire giants
  8 rockslimes
  A draconian monk (Zig:7)
  3 daevas (Pan)
  6 azure jellies
  An emperor scorpion (Zig:9)
  9 narguns
  2 iron dragons
  14 balrugs
  A demonspawn warmonger (Pan)
  7 frost giants
  2 ghost moths
  2 draconian knights
  A juggernaut zombie (Tar:3)
  7 quicksilver elementals
  6 vault wardens
  2 draconian shifters
  10 cacodemons (Pan)
  3 draconian scorchers
  14 war gargoyles
  A spriggan defender (Depths:4)
  A spectral juggernaut (Tar:4)
  2 angels
  A spectral caustic shrike (Tar:7)
  3 shard shrike simulacra
  8 ironbound preservers
  A draconian stormcaller (Zot:2)
  A demonspawn corrupter (Pan)
  5 draconian annihilators
  11 reapers
  14 quicksilver oozes
  2 demonspawn blood saints (Pan)
  A broodmother (Zig:9)
  12 very ugly things
  13 stone giants
  7 apis (Pan)
  6 ophanim (Pan)
  A deep elf demonologist (Pan)
  2 entropy weavers
  11 bennus
  2 deep elf annihilators
  3 green draconians
  7 putrid mouths
  A black draconian (Zot:1)
  2 vampire knights
  9 elemental wellsprings
  6 lorocyprocas
  2 demonspawn black suns (Pan)
  3 yellow draconians
  5 purple draconians
  2 dire elephants
  5 red draconians
  7 wendigos (Coc:7)
  A white draconian (Zot:2)
  10 spark wasps
  5 ettins
  2 deep elf death magi
  4 blizzard demons
  An eidolon (Tar:2)
  3 iron golems
  10 mummy priests
  7 green deaths
  6 great orbs of eyes
  4 yaktaur captains
  2 spriggan zombies
  4 fire dragons
  2 shambling mangroves
  A spectral spriggan (Tar:2)
  10 vault guards (Vaults:5)
  4 rakshasas
  10 salamander tyrants
  8 ice dragons
  3 hell beasts
  5 naga warriors
  2 catoblepae
  2 caustic shrike simulacra
  4 hydras
  2 ironbound frosthearts
  2 spriggan air magi (Swamp:4)
  6 two-headed ogres (Orc:2)
  2 boulder beetles
  2 juggernaut simulacra (Coc:6)
  5 alligators (Swamp:4)
  4 centaur warriors
  A spriggan skeleton (Pan)
  2 death scarabs (Tomb:1)
  A ghost crab (Swamp:1)
  2 stokers
  A satyr (Abyss:4)
  2 anacondas (Snake:4)
  4 tengu warriors
  22 hell hogs
  3 death yaks
  A two-headed ogre (shapeshifter) (Zig:11)
  2 deep troll earth magi
  2 naga sharpshooters
  A spectral dire elephant (Tar:3)
  2 shock serpents
  A deep troll shaman (Depths:2)
  A thrashing horror (Zig:10)
  26 sun demons
  7 crystal echidnas
  21 hell knights
  2 salamander mystics
  10 skeletal warriors
  7 shadow wraiths
  3 wretched stars
  11 soul eaters
  4 cherubim (Pan)
  11 sixfirhies (Pan)
  A spectral bunyip (Tar:2)
  A spriggan rider (Swamp:1)
  A steelbarb worm (Zig:9)
  A steelbarb worm (shapeshifter) (Vaults:5)
  20 deep trolls
  An orb spider (shapeshifter) (Vaults:5)
  A shadow dragon zombie (Tomb:2)
  An orb spider (Zig:9)
  2 glowing orange brains
  2 swamp dragons
  3 shadow demons (Pan)
  A swamp dragon (shapeshifter) (Vaults:5)
  2 quicksilver dragon simulacra (Coc:7)
  A flayed ghost (Depths:3)
  3 wizards
  5 naga ritualists
  An iron giant skeleton (Crypt:1)
  2 bog bodies
  7 phantasmal warriors
  11 ironbound convokers
  An anaconda skeleton (Tomb:1)
  An obsidian statue (Zig:4)
  3 necromancers
  An orc knight (Zig:12)
  7 harpies (Vaults:2)
  4 mana vipers
  An orc sorcerer (Orc:2)
  11 ugly things
  A wolf spider (Zig:9)
  A sphinx skeleton (Vaults:3)
  A will-o-the-wisp (Swamp:4)
  2 shining eyes (Slime:5)
  16 large abominations
  A shining eye (shapeshifter) (Pan)
  4 elephants
  A manticore (shapeshifter) (Vaults:5)
  2 fauns (shapeshifter)
  5 salamanders
  A naga zombie (Tar:3)
  14 black mambas
  A cyclops (Orc:2)
  56 slime creatures
  7 starcursed masses (Abyss:4)
  3 titan simulacra
  20 smoke demons
  A worldbinder (Abyss:4)
  A stone giant skeleton (Vaults:2)
  2 water nymphs (Abyss:4)
  4 ice statues
  A rust devil (Pan)
  A fire giant skeleton (Vaults:2)
  7 moths of wrath
  An apocalypse crab (Zig:11)
  2 eyes of devastation (shapeshifter)
  3 guardian serpents (Snake:4)
  4 vault sentinels
  2 eyes of devastation
  6 molten gargoyles
  A torpor snail (shapeshifter) (D:15)
  2 torpor snails (Zig:8)
  2 naga magi (Snake:4)
  A dire elephant skeleton (Tomb:1)
  3 cane toads
  An orc skeleton (Pan)
  9 orange demons (Pan)
  A centaur skeleton (Pan)
  13 hellions
  3 spectral swamp worms (Tar:7)
  2 bunyip simulacra
  An anaconda simulacrum (Coc:5)
  8 demonic crawlers
  13 yaktaurs
  9 freezing wraiths
  An ancient zyme (Zig:10)
  10 tormentors
  15 guardian mummies
  4 ice devils
  An iron giant simulacrum (Coc:6)
  2 tengu conjurers
  A catoblepas skeleton (Tomb:2)
  8 hellwings (Pan)
  A red devil (Pan)
  2 trolls (Orc:2)
  2 polar bears
  A green draconian skeleton (Crypt:2)
  2 human skeletons (Vaults:3)
  A meliai (Zig:8)
  A bloated husk (Swamp:4)
  3 raiju
  9 tyrant leeches
  A tarantella (Zig:9)
  5 hornets
  2 harpy skeletons (Pan)
  2 iron dragon simulacra
  2 dream sheep (Lair:3)
  3 blink frogs
  8 flying skulls
  A shadow (D:10)
  7 ushabtiu
  3 spriggans
  2 yaks
  2 dire elephant simulacra
  A merfolk skeleton (Pan)
  A ynoxinul (Pan)
  A water elemental (Abyss:4)
  A wyvern (Lair:2)
  An alligator snapping turtle simulacrum (Coc:3)
  2 basilisks
  8 neqoxecs (Pan)
  3 golden eyes (Slime:3)
  11 humans (D:13)
  A redback (Vaults:1)
  2 swamp worm simulacra (Swamp:4)
  7 vampire mosquitoes
  3 chaos spawn
  5 harpy simulacra
  15 nagas
  A human zombie (Vaults:3)
  4 swamp worms
  4 hydra simulacra (Swamp:4)
  A floating eye (Slime:2)
  3 water moccasins
  7 hell hounds (Hell)
  8 orc warriors (Orc:2)
  2 ettin simulacra
  A lindwurm zombie (Crypt:3)
  11 ogres (Orc:2)
  A centaur (D:14)
  2 naga simulacra
  A wight (D:9)
  2 killer bees (D:9)
  8 orc priests
  7 orc wizards
  2 hell rats (Lair:4)
  12 mummies
  4 swamp drake simulacra (Swamp:4)
  12 orcs
  A hobgoblin (D:4)
  2 briar patches (D:10)
  6 fire vortices
  A plant (Depths:4)
1420 creatures vanquished.

Vanquished Creatures (others)
  4 caustic shrikes
  4 golden dragons
  5 acid blobs
  5 titans
  4 quicksilver dragons
  6 sphinxes
  7 shadow dragons
  2 draconian knights
  10 storm dragons
  2 draconian monks
  An azure jelly (Slime:5)
  5 tengu reavers
  3 demonspawn warmongers
  4 rockslimes
  6 vault wardens
  A nagaraja (Tomb:2)
  10 fire giants
  5 iron dragons
  9 frost giants
  A cacodemon (Pan)
  A draconian scorcher (Geh:4)
  2 draconian stormcallers
  A spriggan defender (Pan)
  3 ghost moths
  3 quicksilver oozes
  A demonspawn corrupter (Pan)
  2 draconian shifters
  2 draconian annihilators
  3 ironbound preservers (Pan)
  A broodmother (Tomb:2)
  17 stone giants
  A demonspawn blood saint (Pan)
  5 black draconians
  3 green draconians
  2 demonspawn black suns (Pan)
  A deep elf demonologist (Pan)
  A spark wasp (Zig:7)
  A purple draconian (Zot:5)
  4 red draconians
  A yellow draconian (Dis:3)
  A bunyip (Swamp:4)
  3 deep elf annihilators
  2 white draconians
  4 deep elf death magi
  10 ettins
  Snorg (Lair:4)
  4 deep elf high priests
  4 yaktaur captains
  3 fire dragons
  2 vault guards
  A rakshasa (Pan)
  A hydra (D:11)
  2 spriggan air magi
  10 ice dragons
  2 salamander tyrants
  2 ogre magi
  A naga warrior (Tomb:2)
  3 deep troll shamans
  An azure jelly zombie (Slime:3)
  6 deep troll earth magi
  A tengu warrior (Depths:3)
  3 spriggan berserkers
  2 hell knights
  A storm dragon zombie (Vaults:5)
  A death drake (Swamp:4)
  2 goliath frogs (Swamp:1)
  4 glowing orange brains
  An orb spider (shapeshifter) (Pan)
  2 deep trolls (shapeshifter) (Abyss:4)
  A glowing orange brain (shapeshifter) (Zig:12)
  3 wizards
  2 necromancers (Depths:4)
  2 sphinx zombies
  A lindwurm (shapeshifter) (Coc:3)
  3 ironbound convokers
  A cyclops (shapeshifter) (Zig:10)
  2 shining eyes
  A demonspawn zombie (Pan)
  19 moths of wrath
  3 vault sentinels
  An elf zombie (Vaults:5)
  A guardian serpent (Geh:2)
  A shock serpent zombie (Snake:4)
  A cane toad (shapeshifter) (Dis:6)
  An eye of devastation (Slime:4)
  A naga mage (Snake:4)
  A cane toad (Lair:5)
  A torpor snail (shapeshifter) (Pan)
  A death yak zombie (D:10)
  A yaktaur zombie (Vaults:5)
  A kobold demonologist (Geh:6)
  An anaconda simulacrum (Coc:7)
  2 tengu conjurers
  A mana viper zombie (Snake:4)
  A hellwing (Pan)
  2 merfolk (shapeshifter)
  12 slime creatures
  A raiju (Dis:6)
  A blink frog (Dis:5)
  An ettin zombie (Abyss:4)
  3 great orb of eyes zombies
  2 black mamba zombies (Snake:4)
  10 slime creature zombies
  2 golden eyes
  A basilisk (Pan)
  A human (shapeshifter) (Abyss:4)
  A salamander zombie (Snake:4)
  A swamp worm (Swamp:4)
  9 deep troll zombies
  4 two-headed ogre zombies (Orc:2)
  3 floating eyes
  2 floating eyes (shapeshifter)
  An elephant zombie (Lair:2)
  3 dream sheep zombies (Lair:3)
  20 human zombies
  4 troll zombies (Orc:2)
  4 water moccasin zombies
  6 naga zombies
  2 bullfrog zombies
  7 ogre zombies (Orc:2)
  4 hell rat zombies (Lair:4)
  3 gnoll zombies (D:10)
  11 orc zombies
  6 ball lightnings (Pan)
  5 blocks of ice (Pan)
  3 fire vortices
  4 foxfires (Swamp:4)
  10 fungi
  29 plants
  12 tentacles (Tar:7)
473 creatures vanquished.

Grand Total: 2994 creatures vanquished

Notes
Turn   | Place    | Note
-------+----------+-------------------------------------------
     0 | D:1      | redmage the Meteoran Earth Elementalist began the quest for
                  | the Orb.
     0 | D:1      | Reached XP level 1. HP: 14/14 MP: 5/5
     6 | D:1      | Noticed a death yak
     9 | D:1      | Noticed a six-headed hydra
    57 | D:2      | Reached skill level 3 in Spellcasting
    57 | D:2      | Reached XP level 2. HP: 20/20 MP: 5/7
   204 | D:2      | Reached XP level 3. HP: 26/26 MP: 4/8
   267 | D:3      | Reached skill level 4 in Spellcasting
   267 | D:3      | Reached XP level 4. HP: 28/33 MP: 7/11
   271 | D:3      | Found Saneletitz's Antique Weapon Shop.
   309 | D:3      | Reached skill level 5 in Earth Magic
   312 | D:3      | Learned a level 2 spell: Passwall
   316 | D:3      | Learned a level 3 spell: Stone Arrow
   339 | D:4      | Noticed Robin
   392 | D:4      | Reached XP level 5. HP: 37/38 MP: 9/12
   416 | D:4      | Killed Robin
   459 | D:4      | Noticed an ogre
   466 | D:4      | Killed an ogre
   467 | D:4      | Reached skill level 5 in Spellcasting
   467 | D:4      | Reached XP level 6. HP: 45/45 MP: 5/14
   477 | D:4      | Found a shadowy altar of Dithmenos.
   519 | D:5      | Entered Level 5 of the Dungeon
   625 | D:4      | Reached XP level 7. HP: 50/50 MP: 13/15
   678 | D:4      | Noticed Edmund
   896 | D:4      | Found a shimmering blue altar of Sif Muna.
  1069 | D:5      | Reached skill level 6 in Spellcasting
  1116 | D:6      | Found a staircase to the Ecumenical Temple.
  1125 | Temple   | Entered the Ecumenical Temple
  1230 | Temple   | Became a worshipper of Kikubaaqudgha
  1293 | D:7      | Reached skill level 1 in Necromancy
  1293 | D:7      | Reached XP level 8. HP: 57/57 MP: 11/18
  1437 | D:9      | Noticed Pikel
  1444 | D:9      | Reached skill level 7 in Spellcasting
  1450 | D:9      | Noticed a yak
  1452 | D:9      | Killed Pikel
  1452 | D:9      | Reached * piety under Kikubaaqudgha
  1452 | D:9      | Received a gift from Kikubaaqudgha
  1453 | D:9      | Reached skill level 8 in Spellcasting
  1453 | D:9      | Reached skill level 5 in Necromancy
  1453 | D:9      | Gained mutation: You passively map the area around you.
                  | [Meteoran growth]
  1453 | D:9      | Reached XP level 9. HP: 30/62 MP: 10/22
  1468 | D:9      | Learned a level 4 spell: Animate Dead
  1471 | D:9      | Learned a level 2 spell: Sublimation of Blood
  1631 | D:8      | Found a broken altar of Ashenzari.
  1730 | D:8      | Reached skill level 9 in Spellcasting
  1743 | D:8      | Found a sparkling altar of Nemelex Xobeh.
  1748 | D:8      | Noticed Erica
  1820 | D:9      | Reached XP level 10. HP: 51/69 MP: 3/24
  1838 | D:9      | Reached skill level 10 in Spellcasting
  1912 | D:10     | Entered Level 10 of the Dungeon
  1919 | D:10     | Killed an unseen horror
  1992 | D:9      | Found an iron altar of Okawaru.
  2081 | D:10     | Found a transporter.
  2098 | D:10     | Found a transporter.
  2104 | D:10     | Noticed Harold
  2111 | D:10     | Killed an unseen horror
  2112 | D:10     | Reached skill level 11 in Spellcasting
  2118 | D:10     | Killed Harold
  2127 | D:10     | Found an ornate altar of the Wu Jian Council.
  2148 | D:10     | Noticed a death yak
  2161 | D:10     | Noticed a death yak
  2162 | D:10     | Noticed a death yak
  2220 | D:10     | Noticed an obsidian statue
  2238 | D:10     | Noticed Maurice
  2248 | D:10     | Killed Maurice
  2299 | D:10     | Reached skill level 12 in Spellcasting
  2299 | D:10     | Reached XP level 11. HP: 14/74 MP: 5/28
  2353 | D:10     | Reached ** piety under Kikubaaqudgha
  2357 | D:10     | Noticed a death yak
  2379 | D:10     | Killed a death yak
  2380 | D:10     | Reached skill level 10 in Necromancy
  2418 | D:10     | Found a staircase to the Lair.
  2422 | D:10     | Identified the +10 flail of the Summoning Pariah {drain,
                  | rC+ rCorr Dex+6}
  2437 | D:10     | Noticed a death yak
  2450 | D:10     | Killed a death yak
  2456 | Lair:1   | Entered Level 1 of the Lair of Beasts
  2515 | Lair:1   | Reached skill level 13 in Spellcasting
  2525 | Lair:1   | Learned a level 3 spell: Summon Guardian Golem
  2537 | Lair:1   | Reached skill level 1 in Summonings
  2640 | Lair:2   | Learned a level 1 spell: Apportation
  2646 | Lair:2   | Noticed an elephant
  2646 | Lair:2   | Noticed an elephant
  2646 | Lair:2   | Noticed an elephant
  2646 | Lair:2   | Noticed an elephant
  2647 | Lair:2   | Noticed an elephant
  2683 | Lair:3   | You fall into a shaft and drop 2 floors!
  2683 | Lair:5   | Entered Level 5 of the Lair of Beasts
  2772 | Lair:5   | Reached skill level 1 in Fighting
  2772 | Lair:5   | Reached XP level 12. HP: 83/83 MP: 21/30
  2820 | Lair:4   | Noticed Snorg
  2934 | Lair:3   | Found a frozen archway.
  2944 | Lair:3   | Reached skill level 5 in Dodging
  2944 | Lair:3   | Reached skill level 14 in Spellcasting
  2982 | Lair:3   | Reached *** piety under Kikubaaqudgha
  2982 | Lair:3   | Received a gift from Kikubaaqudgha
  3064 | Lair:2   | Noticed a death yak
  3065 | Lair:2   | Noticed a death yak
  3082 | Lair:3   | Found a staircase to the Snake Pit.
  3089 | Lair:3   | Learned a level 5 spell: Borgnjor's Vile Clutch
  3096 | Lair:3   | Learned a level 6 spell: Death Channel
  3103 | Lair:3   | Learned a level 6 spell: Simulacrum
  3134 | Lair:3   | Reached skill level 1 in Ice Magic
  3267 | Lair:2   | Reached skill level 5 in Ice Magic
  3276 | Lair:2   | Reached XP level 13. HP: 77/96 MP: 9/32
  3318 | Lair:2   | Found a staircase to the Swamp.
  3351 | Lair:2   | Killed a death yak
  3354 | Lair:2   | Killed a death yak
  3433 | Lair:3   | Reached **** piety under Kikubaaqudgha
  3541 | Lair:4   | Noticed a boulder beetle
  3554 | Lair:4   | Reached skill level 10 in Ice Magic
  3565 | Lair:4   | Killed a boulder beetle
  3660 | Lair:4   | Killed Snorg
  3690 | Lair:4   | Found a staircase to the Slime Pits.
  3696 | Slime:1  | Entered Level 1 of the Pits of Slime
  3722 | Slime:2  | Noticed a great orb of eyes
  3722 | Slime:2  | Noticed a quicksilver ooze
  3722 | Slime:2  | Noticed a rockslime
  3728 | Slime:2  | Killed a quicksilver ooze
  3729 | Slime:2  | Killed a great orb of eyes
  3730 | Slime:2  | Killed a rockslime
  3732 | Slime:2  | Noticed a quicksilver ooze
  3732 | Slime:2  | Noticed an acid blob
  3734 | Slime:2  | Noticed an acid blob
  3734 | Slime:2  | Killed an acid blob
  3735 | Slime:2  | Reached XP level 14. HP: 102/104 MP: 1/33
  3735 | Slime:2  | Killed an acid blob
  3736 | Slime:2  | Reached skill level 15 in Necromancy
  3738 | Slime:2  | Killed a quicksilver ooze
  3741 | Slime:2  | Noticed a quicksilver ooze
  3742 | Slime:2  | Paralysed by a floating eye for 4 turns
  3744 | Slime:2  | Killed a quicksilver ooze
  3779 | Slime:3  | Noticed an acid blob
  3779 | Slime:3  | Noticed a quicksilver ooze
  3779 | Slime:3  | Noticed an acid blob
  3816 | Slime:2  | Noticed a rockslime
  3821 | Slime:2  | Noticed an acid blob
  3830 | Slime:2  | Killed a rockslime
  3867 | Slime:3  | Noticed a rockslime
  3869 | Slime:3  | Noticed a quicksilver ooze
  3873 | Slime:3  | Killed a rockslime
  3873 | Slime:3  | Killed an acid blob
  3874 | Slime:3  | Reached skill level 5 in Fighting
  3875 | Slime:3  | Killed a quicksilver ooze
  3875 | Slime:3  | Killed an acid blob
  3886 | Slime:3  | Noticed an azure jelly
  3890 | Slime:3  | Killed an azure jelly
  3891 | Slime:3  | Noticed an azure jelly
  3895 | Slime:3  | Killed an azure jelly
  3902 | Slime:3  | Noticed an acid blob
  3903 | Slime:3  | Reached XP level 15. HP: 115/115 MP: 31/34
  3912 | Slime:3  | Killed an acid blob
  3943 | Slime:4  | Reached skill level 15 in Spellcasting
  3972 | Slime:5  | Entered Level 5 of the Pits of Slime
  3995 | Slime:5  | Noticed an acid blob
  3998 | Slime:5  | Killed an acid blob
  3999 | Slime:5  | Noticed an azure jelly
  4001 | Slime:5  | Killed an azure jelly
  4003 | Slime:5  | Noticed a rockslime
  4007 | Slime:5  | Noticed the Royal Jelly
  4021 | Slime:5  | Killed a rockslime
  4026 | Slime:5  | Noticed an acid blob
  4035 | Slime:5  | Killed an acid blob
  4039 | Slime:5  | Noticed an acid blob
  4061 | Slime:5  | Killed an acid blob
  4063 | Slime:5  | Noticed an acid blob
  4063 | Slime:5  | Noticed an azure jelly
  4063 | Slime:5  | Killed a rockslime
  4064 | Slime:5  | Noticed a quicksilver ooze
  4064 | Slime:5  | Noticed an acid blob
  4065 | Slime:5  | Noticed a rockslime
  4065 | Slime:5  | Noticed a rockslime
  4065 | Slime:5  | Noticed a quicksilver ooze
  4065 | Slime:5  | Noticed a quicksilver ooze
  4065 | Slime:5  | Noticed an acid blob
  4065 | Slime:5  | Killed a quicksilver ooze
  4065 | Slime:5  | Killed an acid blob
  4066 | Slime:5  | Noticed an acid blob
  4067 | Slime:5  | Killed a quicksilver ooze
  4067 | Slime:5  | Killed an acid blob
  4068 | Slime:5  | Killed a rockslime
  4069 | Slime:5  | Noticed a quicksilver ooze
  4069 | Slime:5  | Noticed a quicksilver ooze
  4069 | Slime:5  | Noticed an acid blob
  4069 | Slime:5  | Noticed a rockslime
  4069 | Slime:5  | Noticed an acid blob
  4069 | Slime:5  | Killed an acid blob
  4070 | Slime:5  | Killed a quicksilver ooze
  4071 | Slime:5  | Noticed an acid blob
  4071 | Slime:5  | Killed an acid blob
  4072 | Slime:5  | Killed a quicksilver ooze
  4073 | Slime:5  | Killed a rockslime
  4074 | Slime:5  | Noticed a quicksilver ooze
  4074 | Slime:5  | Killed a quicksilver ooze
  4074 | Slime:5  | Killed a rockslime
  4076 | Slime:5  | Killed an acid blob
  4076 | Slime:5  | Killed a quicksilver ooze
  4077 | Slime:5  | Noticed an acid blob
  4078 | Slime:5  | Noticed an acid blob
  4078 | Slime:5  | Noticed a quicksilver ooze
  4078 | Slime:5  | Killed the Royal Jelly
  4079 | Slime:5  | Reached skill level 16 in Spellcasting
  4079 | Slime:5  | Reached XP level 16. HP: 103/128 MP: 4/37
  4079 | Slime:5  | Noticed an acid blob
  4079 | Slime:5  | Noticed an acid blob
  4079 | Slime:5  | Noticed an acid blob
  4079 | Slime:5  | Killed an acid blob
  4080 | Slime:5  | Killed an acid blob
  4080 | Slime:5  | Killed an acid blob
  4081 | Slime:5  | Killed an acid blob
  4081 | Slime:5  | Killed an acid blob
  4097 | Slime:5  | Noticed an acid blob
  4099 | Slime:5  | Noticed an acid blob
  4102 | Slime:5  | Killed an acid blob
  4103 | Slime:5  | Reached skill level 1 in Translocations
  4104 | Slime:5  | Killed an acid blob
  4109 | Slime:5  | Noticed an acid blob
  4111 | Slime:5  | Killed an acid blob
  4148 | Slime:5  | Learned a level 5 spell: Freezing Cloud
  4169 | Slime:5  | Identified the -1 pair of gloves "Ykanu" {rElec rF- Str+6
                  | SInv}
  4170 | Slime:5  | Identified the +11 halberd of a wizard's laboratory
                  | {vorpal, Int+5 Dex-4}
  4172 | Slime:5  | Got a slimy rune of Zot
  4318 | Snake:1  | Entered Level 1 of the Snake Pit
  4355 | Snake:1  | Reached skill level 1 in Air Magic
  4362 | Snake:1  | Found Ludall's Distillery.
  4367 | Snake:1  | Found Xithreh's Antique Armour Boutique.
  4386 | Snake:1  | Bought a potion of lignification for 48 gold pieces
  4386 | Snake:1  | Bought 2 potions of haste for 320 gold pieces
  4386 | Snake:1  | Bought a potion of degeneration for 16 gold pieces
  4444 | Snake:2  | Found Miucium's Armour Emporium.
  4447 | Snake:2  | Found Iboh's Weapon Shoppe.
  4447 | Snake:2  | Found Yryasse's Jewellery Emporium.
  4450 | Snake:2  | Found Ubemayqe's Magic Scroll Shoppe.
  4460 | Snake:2  | Bought a scroll of teleportation for 51 gold pieces
  4460 | Snake:2  | Bought a scroll of teleportation for 51 gold pieces
  4472 | Snake:2  | Bought an amulet of magic regeneration for 450 gold pieces
  4548 | Snake:2  | Reached skill level 17 in Spellcasting
  4614 | Snake:3  | Reached skill level 5 in Air Magic
  4620 | Snake:4  | Entered Level 4 of the Snake Pit
  4647 | Snake:4  | Reached ***** piety under Kikubaaqudgha
  4648 | Snake:4  | Reached skill level 5 in Translocations
  4714 | Snake:4  | Reached XP level 17. HP: 86/134 MP: 3/39
  4716 | Snake:4  | Noticed a nagaraja
  4727 | Snake:4  | Killed a nagaraja
  4741 | Snake:4  | Noticed a nagaraja
  4751 | Snake:4  | Killed a nagaraja
  4754 | Snake:4  | Reached skill level 18 in Spellcasting
  4805 | Snake:4  | Got a serpentine rune of Zot
  5049 | Swamp:1  | Entered Level 1 of the Swamp
  5049 | Swamp:1  | Noticed Jorgrun
  5056 | Swamp:1  | Killed Jorgrun
  5087 | Swamp:1  | Noticed a tentacled monstrosity
  5093 | Swamp:1  | Killed a tentacled monstrosity
  5104 | Swamp:1  | Noticed Donald
  5110 | Swamp:1  | Killed Donald
  5219 | Swamp:3  | Found a transporter.
  5221 | Swamp:3  | Noticed a thorn hunter
  5222 | Swamp:3  | Noticed a tentacled monstrosity
  5237 | Swamp:4  | Entered Level 4 of the Swamp
  5482 | Swamp:4  | Gained mutation: You passively map a large area around you.
                  | [Meteoran growth]
  5482 | Swamp:4  | Reached XP level 18. HP: 62/141 MP: 13/41
  5497 | Swamp:4  | Got a decaying rune of Zot
  5714 | D:11     | Identified the +1 ring mail of Compression {rElec Dex+4
                  | Stlth-}
  5771 | D:11     | Found a staircase to the Orcish Mines.
  5809 | Orc:1    | Entered Level 1 of the Orcish Mines
  5850 | Orc:1    | Found Aqogha's Antique Weapon Emporium.
  5901 | Orc:2    | Entered Level 2 of the Orcish Mines
  5901 | Orc:2    | Noticed Saint Roka
  6013 | Orc:2    | Reached ****** piety under Kikubaaqudgha
  6032 | Orc:2    | Found Lecvexki's Assorted Antiques.
  6037 | Orc:2    | Reached skill level 5 in Transmutations
  6043 | Orc:2    | Found Enov's Antique Armour Boutique.
  6054 | Orc:2    | Found Xapucre's Antique Armour Shop.
  6055 | Orc:2    | Found Saagiw's Weapon Shop.
  6074 | Orc:2    | Bought a scorched hat for 261 gold pieces
  6074 | Orc:2    | Identified the +0 hat of Vaitilag {Fly rElec Will+ MP+9}
                  | (You bought it in a shop on level 2 of the Orcish Mines)
  6086 | Orc:2    | Received a gift from Kikubaaqudgha
  6096 | Orc:2    | Learned a level 8 spell: Borgnjor's Revivification
  6148 | Orc:2    | Killed Saint Roka
  6149 | Orc:2    | Reached skill level 1 in Shields
  6219 | D:11     | Learned a level 8 spell: Necromutation
  6261 | D:10     | Identified the +1 leather armour of Subjectivity {+Inv
                  | Str+2}
  6274 | D:10     | Got the Exposition on Hazy Wanderlust
  6280 | D:10     | Identified the +1 great sword "Kismagho" {venom, rCorr}
  6378 | D:10     | Identified the ring of Nycal {rF+++ MP+9 Str+2 Int-3 SInv}
  6464 | D:12     | Found a portal to a secret trove of treasure.
  6529 | D:13     | Noticed Rupert
  6535 | D:13     | Reached skill level 10 in Dodging
  6536 | D:13     | Killed Rupert
  6545 | D:13     | Reached skill level 10 in Fighting
  6550 | D:13     | Found a gate to the Vaults.
  6616 | Vaults:1 | Entered Level 1 of the Vaults
  6670 | Vaults:1 | Reached XP level 19. HP: 154/154 MP: 31/42
  6848 | Vaults:2 | Reached skill level 19 in Spellcasting
  6904 | Vaults:2 | Found Giesiss's Assorted Antiques.
  6912 | Vaults:2 | Bought a scroll labelled MUD BEAGENEYWN for 33 gold pieces
  7038 | Vaults:3 | Found a crumbling gateway.
  7046 | Vaults:3 | Reached skill level 10 in Transmutations
  7049 | Vaults:3 | Found a glowing silver altar of Zin.
  7049 | Vaults:3 | Found a glowing golden altar of the Shining One.
  7049 | Vaults:3 | Found a white marble altar of Elyvilon.
  7243 | Vaults:2 | Noticed a tentacled monstrosity
  7245 | Vaults:2 | Identified the +6 morningstar of the Orcish Mines {drain,
                  | Will- Str+2 Int+3}
  7254 | Vaults:2 | Killed a tentacled monstrosity
  7336 | Vaults:2 | Reached skill level 20 in Spellcasting
  7695 | Vaults:3 | Reached XP level 20. HP: 100/161 MP: 35/45
  7833 | Vaults:4 | Learned a level 8 spell: Infestation
  7843 | Vaults:5 | Entered Level 5 of the Vaults
  7865 | Vaults:5 | Identified the +9 war axe of Hostress {vorpal, Str+3}
  7868 | Vaults:5 | Reached skill level 15 in Transmutations
  7868 | Vaults:5 | Noticed a dread lich
  7869 | Vaults:5 | Noticed a tentacled monstrosity
  7875 | Vaults:5 | Killed a tentacled monstrosity
  7876 | Vaults:5 | Noticed a dread lich
  7879 | Vaults:5 | Killed a dread lich
  7882 | Vaults:5 | Noticed a Tzitzimitl
  7885 | Vaults:5 | Killed a dread lich
  7901 | Vaults:5 | Noticed a tentacled monstrosity
  7911 | Vaults:5 | Killed a tentacled monstrosity
  7917 | Vaults:5 | Reached skill level 5 in Shields
  7920 | Vaults:5 | Reached XP level 21. HP: 132/168 MP: 19/46
  7931 | Vaults:5 | Identified the ring "Heurhyg" {rN+ AC+4 Dex+2}
  7951 | Vaults:5 | Got a silver rune of Zot
  8089 | Vaults:5 | Reached skill level 10 in Shields
  8147 | Vaults:5 | Identified the +1 robe "Nomug" {*Slow MP+9 Dex+4}
  8175 | Vaults:5 | Noticed an ancient lich
  8183 | Vaults:5 | Identified the +5 scale mail of Avant Garde Brilliance
                  | {Dex+2}
  8186 | Vaults:5 | Killed an ancient lich
  8198 | Vaults:5 | Noticed a dread lich
  8203 | Vaults:5 | Killed a dread lich
  8213 | Vaults:5 | Identified the +8 mace "Vysuryza" {flame, rN+ Int+3 Dex+8
                  | Stlth+}
  8246 | Vaults:5 | Identified the +3 robe "Plog" {Harm +Inv rC+ Str-4}
  8263 | Vaults:5 | Found the +1 Delatra's gloves {ID++}
  8264 | Vaults:5 | Identified the +2 leather armour of the Crypt {rPois Int+6}
  8553 | D:15     | Entered Level 15 of the Dungeon
  8643 | D:15     | Reached XP level 22. HP: 174/174 MP: 47/47
  8683 | D:15     | Found a staircase to the Depths.
  8697 | Depths:1 | Entered Level 1 of the Depths
  8756 | Depths:1 | Found a gateway to Hell.
  8782 | Depths:1 | Noticed Mara
  8787 | Depths:1 | Killed Mara
  8940 | D:14     | Reached skill level 21 in Spellcasting
  8986 | D:15     | Learned a level 4 spell: Passage of Golubria
  9052 | Depths:2 | Noticed Margery
  9071 | Depths:2 | Killed Margery
  9140 | Depths:2 | Found a one-way gate leading to the halls of Pandemonium.
  9164 | Depths:3 | Identified the +1 robe "Cupnuseu" {rPois rC+ rN+ Dex+4}
  9172 | Depths:3 | Noticed a juggernaut
  9179 | Depths:3 | Killed a juggernaut
  9197 | Depths:3 | Reached skill level 15 in Shields
  9214 | Depths:3 | Reached skill level 22 in Spellcasting
  9375 | Depths:3 | Learned a level 8 spell: Maxwell's Capacitive Coupling
  9404 | Depths:3 | Reached XP level 23. HP: 181/181 MP: 50/50
  9449 | Depths:3 | Reached skill level 10 in Air Magic
  9450 | Depths:3 | Found a one-way gate to the infinite horrors of the Abyss.
  9468 | Depths:3 | Voluntarily entered the Abyss.
  9475 | Abyss:2  | Found a corrupted altar of Lugonu.
  9540 | Abyss:4  | Noticed a bone dragon
  9551 | Abyss:4  | Killed a bone dragon
  9596 | Abyss:4  | Got an abyssal rune of Zot
  9614 | Depths:3 | Escaped the Abyss
  9667 | Pan      | Entered Pandemonium
  9667 | Pan      | Found an exit through the horrors of the Abyss.
  9678 | Pan      | Reached skill level 5 in Summonings
  9778 | Pan      | Found an exit through the horrors of the Abyss.
  9871 | Pan      | Noticed a pearl dragon
  9877 | Pan      | Killed a pearl dragon
  9911 | Pan      | Found a white marble altar of Elyvilon.
 10090 | Pan      | Reached XP level 24. HP: 189/189 MP: 50/50
 10116 | Pan      | Noticed a seraph
 10120 | Pan      | Killed a seraph
 10121 | Pan      | Reached skill level 15 in Air Magic
 10124 | Pan      | Identified the ring of Iprufeab {rPois rC+ Int+7 Dex-4}
 10146 | Pan      | Found a glowing golden altar of the Shining One.
 10162 | Pan      | Identified the +7 demon trident "Vaof" {freeze, rElec SInv}
 10163 | Pan      | Got a demonic rune of Zot
 10343 | Pan      | Noticed Voof the pandemonium lord
 10437 | Pan      | Found an exit through the horrors of the Abyss.
 10531 | Pan      | Noticed Eggael the pandemonium lord
 10539 | Pan      | Killed Eggael the pandemonium lord
 10608 | Pan      | Entered the realm of Mnoleg.
 10735 | Pan      | Noticed Mnoleg
 10750 | Pan      | Killed Mnoleg
 10774 | Pan      | Got a glowing rune of Zot
 10895 | Pan      | Noticed Amuyx the pandemonium lord
 10907 | Pan      | Killed Amuyx the pandemonium lord
 10913 | Pan      | Reached XP level 25. HP: 165/194 MP: 22/50
 10943 | Depths:2 | Escaped Pandemonium
 10945 | Pan      | Entered Pandemonium
 10950 | Pan      | Noticed a golden dragon
 10951 | Pan      | Noticed a golden dragon
 10988 | Pan      | Learned a level 7 spell: Haunt
 11122 | Pan      | Entered the realm of Cerebov.
 11161 | Pan      | Reached skill level 23 in Spellcasting
 11192 | Pan      | Identified the +5 great sword "Agruc" {venom, rElec Str-3
                  | Int+7}
 11193 | Pan      | Got Sif Muna's Compendium of Displaced Evil
 11197 | Pan      | Learned a level 2 spell: Blink
 11217 | Pan      | Identified the +4 dire flail of Living Tortfeasance
                  | {vorpal, rF++ rC+ rCorr Int-4}
 11223 | Pan      | Found the +6 sword of Cerebov {flame}
 11223 | Pan      | Noticed Cerebov
 11226 | Pan      | Identified the +2 flail "Jaxtuazo" {protect, rElec rF+
                  | Int+2}
 11236 | Pan      | Killed Cerebov
 11250 | Pan      | Identified the ring "Etoiq" {Fly rPois rC- AC+4 Str+4}
 11253 | Pan      | Got Sif Muna's Papyrus of Ozone and the Glacier
 11253 | Pan      | Got a fiery rune of Zot
 11295 | Pan      | Reached skill level 24 in Spellcasting
 11334 | Pan      | Entered the realm of Lom Lobon.
 11354 | Pan      | Noticed Lom Lobon
 11359 | Pan      | Got a magical rune of Zot
 11390 | Pan      | Killed Lom Lobon
 11457 | Pan      | Entered the realm of Gloorx Vloq.
 11499 | Pan      | Reached XP level 26. HP: 202/202 MP: 43/52
 11502 | Pan      | Reached skill level 25 in Spellcasting
 11530 | Pan      | Noticed Gloorx Vloq
 11538 | Pan      | Killed Gloorx Vloq
 11545 | Pan      | Got a dark rune of Zot
 11622 | Pan      | Found an exit through the horrors of the Abyss.
 11624 | Pan      | Took an exit into the Abyss.
 11624 | Abyss:4  | Escaped into the Abyss
 11641 | Depths:2 | Escaped the Abyss
 11753 | Depths:4 | Entered Level 4 of the Depths
 11762 | Depths:4 | Noticed a caustic shrike
 11763 | Depths:4 | Noticed a caustic shrike
 11764 | Depths:4 | Noticed a caustic shrike
 11764 | Depths:4 | Noticed a caustic shrike
 11766 | Depths:4 | Noticed a caustic shrike
 11768 | Depths:4 | Reached skill level 26 in Spellcasting
 11771 | Depths:4 | Killed a caustic shrike
 11777 | Depths:4 | Killed a caustic shrike
 11778 | Depths:4 | Killed a caustic shrike
 11779 | Depths:4 | Killed a caustic shrike
 11781 | Depths:4 | Killed a caustic shrike
 11782 | Depths:4 | Reached skill level 5 in Polearms
 11797 | Depths:4 | Learned a level 8 spell: Ignition
 11804 | Depths:4 | Noticed a caustic shrike
 11804 | Depths:4 | Noticed a caustic shrike
 11804 | Depths:4 | Noticed a caustic shrike
 11804 | Depths:4 | Noticed a caustic shrike
 11804 | Depths:4 | Noticed a caustic shrike
 11816 | Depths:4 | Killed a caustic shrike
 11817 | Depths:4 | Reached skill level 1 in Fire Magic
 11818 | Depths:4 | Killed a caustic shrike
 11823 | Depths:4 | Killed a caustic shrike
 11825 | Depths:4 | Killed a caustic shrike
 11825 | Depths:4 | Killed a caustic shrike
 11826 | Depths:4 | Reached skill level 5 in Fire Magic
 11862 | Depths:4 | Found a one-way gateway to a ziggurat.
 11874 | Zig:1    | Entered Level 1 of a ziggurat
 11875 | Zig:1    | Noticed Ycuhubba the pandemonium lord
 11880 | Zig:1    | Killed Ycuhubba the pandemonium lord
 11888 | Zig:2    | Entered Level 2 of a ziggurat
 11912 | Zig:3    | Entered Level 3 of a ziggurat
 11940 | Zig:4    | Entered Level 4 of a ziggurat
 11946 | Zig:4    | Noticed a royal mummy
 11949 | Zig:4    | Noticed a royal mummy
 11951 | Zig:4    | Killed a royal mummy
 11957 | Zig:4    | Killed a royal mummy
 11968 | Zig:5    | Entered Level 5 of a ziggurat
 11990 | Zig:5    | Identified the +8 hand axe "Rehelaph" {elec, rN+ rCorr}
 12002 | Zig:6    | Entered Level 6 of a ziggurat
 12010 | Zig:6    | Noticed an ancient lich
 12017 | Zig:6    | Killed an ancient lich
 12018 | Zig:6    | Reached skill level 10 in Fire Magic
 12030 | Zig:7    | Entered Level 7 of a ziggurat
 12047 | Zig:7    | Identified the +9 plate armour of a Million Teeth {Int+3}
 12048 | Zig:7    | Reached XP level 27. HP: 110/209 MP: 33/54
 12054 | Zig:7    | Identified the +2 morningstar of Moral Flaws {elec, rC+
                  | rN++ Str+3}
 12083 | Zig:8    | Entered Level 8 of a ziggurat
 12099 | Zig:8    | Identified the ring "Wokopt" {Ice Stlth+}
 12114 | Zig:9    | Entered Level 9 of a ziggurat
 12126 | Zig:9    | Reached skill level 15 in Fire Magic
 12127 | Zig:9    | Found the +7 great mace "Firestarter" {inner flame, rF++}
 12132 | Zig:9    | Identified the +10 halberd "Zowi" {chaos, rF+ Int-4 Dex+6
                  | Stlth+}
 12133 | Zig:9    | Identified the +10 glaive "Cupif" {vorpal, Will+ Int+2
                  | Dex+2}
 12134 | Zig:9    | Identified the +7 halberd "Ithrext" {vorpal, rF+ rC+ Int+2
                  | Stlth-}
 12140 | Zig:9    | Identified the +9 arbalest "Worm" {speed, rElec}
 12144 | Zig:10   | Entered Level 10 of a ziggurat
 12163 | Zig:10   | Got the Compilation of Concussion
 12177 | Zig:11   | Entered Level 11 of a ziggurat
 12188 | Zig:11   | Noticed a Killer Klown
 12188 | Zig:11   | Noticed a Killer Klown
 12188 | Zig:11   | Noticed a Killer Klown
 12191 | Zig:11   | Noticed a Killer Klown
 12193 | Zig:11   | Killed a Killer Klown
 12193 | Zig:11   | Killed a Killer Klown
 12195 | Zig:11   | Noticed a Killer Klown
 12198 | Zig:11   | Noticed a Killer Klown
 12198 | Zig:11   | Killed a Killer Klown
 12200 | Zig:11   | Killed a Killer Klown
 12201 | Zig:11   | Killed a Killer Klown
 12203 | Zig:11   | Killed a Killer Klown
 12207 | Zig:11   | Identified the +9 falchion of Emolol {vorpal, rC+ Will+
                  | Str+4}
 12222 | Zig:12   | Entered Level 12 of a ziggurat
 12229 | Zig:12   | Noticed a dread lich
 12232 | Zig:12   | Noticed an ancient lich
 12234 | Zig:12   | Noticed an ancient lich
 12235 | Zig:12   | Killed a dread lich
 12238 | Zig:12   | Killed an ancient lich
 12239 | Zig:12   | Killed an ancient lich
 12247 | Zig:12   | Identified the +7 scale mail of Spite {+Inv rN+}
 12264 | Hell     | Entered the Vestibule of Hell
 12264 | Hell     | Noticed Geryon
 12292 | Hell     | Killed Geryon
 12332 | Hell     | Found a gateway to the freezing wastes of Cocytus.
 12381 | Coc:1    | Entered Level 1 of Cocytus
 12510 | Coc:5    | Noticed a shard shrike
 12510 | Coc:5    | Noticed a shard shrike
 12514 | Coc:5    | Killed a shard shrike
 12515 | Coc:5    | Noticed a shard shrike
 12517 | Coc:5    | Killed a shard shrike
 12519 | Coc:5    | Killed a shard shrike
 12519 | Coc:5    | Noticed a shard shrike
 12521 | Coc:5    | Noticed a shard shrike
 12521 | Coc:5    | Noticed a shard shrike
 12523 | Coc:5    | Killed a shard shrike
 12523 | Coc:5    | Killed a shard shrike
 12523 | Coc:5    | Killed a shard shrike
 12583 | Coc:6    | Noticed a shard shrike
 12590 | Coc:6    | Noticed a shard shrike
 12591 | Coc:6    | Noticed a shard shrike
 12595 | Coc:6    | Killed a shard shrike
 12597 | Coc:6    | Killed a shard shrike
 12597 | Coc:6    | Killed a shard shrike
 12614 | Coc:6    | Noticed a shard shrike
 12614 | Coc:6    | Noticed a shard shrike
 12618 | Coc:6    | Killed a shard shrike
 12618 | Coc:6    | Killed a shard shrike
 12627 | Coc:6    | Noticed a shard shrike
 12632 | Coc:6    | Killed a shard shrike
 12654 | Coc:6    | Learned a level 9 spell: Death's Door
 12656 | Coc:7    | Entered Level 7 of Cocytus
 12706 | Coc:7    | Noticed a shard shrike
 12712 | Coc:7    | Killed a shard shrike
 12735 | Coc:7    | Noticed a shard shrike
 12741 | Coc:7    | Killed a shard shrike
 12752 | Coc:7    | Noticed a shard shrike
 12759 | Coc:7    | Killed a shard shrike
 12811 | Coc:7    | Paralysed by a wendigo for 1 turns
 12814 | Coc:7    | Noticed a shard shrike
 12820 | Coc:7    | Killed a shard shrike
 12835 | Coc:7    | Noticed a shard shrike
 12842 | Coc:7    | Paralysed by a wendigo for 1 turns
 12843 | Coc:7    | Killed a shard shrike
 13012 | Coc:7    | Noticed a shard shrike
 13017 | Coc:7    | Killed a shard shrike
 13055 | Coc:7    | Noticed Antaeus
 13060 | Coc:7    | Killed Antaeus
 13067 | Coc:7    | Reached skill level 10 in Polearms
 13069 | Coc:7    | Got an icy rune of Zot
 13141 | Hell     | Found a gateway to the ashen valley of Gehenna.
 13149 | Geh:1    | Entered Level 1 of Gehenna
 13568 | Geh:7    | Entered Level 7 of Gehenna
 13752 | Geh:7    | Found the +7 sceptre of Asmodeus
 13752 | Geh:7    | Noticed Asmodeus
 13759 | Geh:7    | Killed Asmodeus
 13769 | Geh:7    | Identified the +2 leather armour of Courage {*Corrode rF+
                  | Str+6 Dex+3}
 13770 | Geh:7    | Got an obsidian rune of Zot
 13846 | Hell     | Found a gateway to the decaying netherworld of Tartarus.
 13853 | Tar:1    | Entered Level 1 of Tartarus
 13916 | Tar:3    | Noticed a royal mummy
 13916 | Tar:3    | Noticed a royal mummy
 13916 | Tar:3    | Noticed a royal mummy
 13923 | Tar:3    | Killed a royal mummy
 13924 | Tar:3    | Killed a royal mummy
 13924 | Tar:3    | Killed a royal mummy
 13985 | Tar:4    | Noticed a dread lich
 13985 | Tar:4    | Noticed an ancient lich
 13985 | Tar:4    | Noticed a dread lich
 13985 | Tar:4    | Noticed an ancient lich
 13985 | Tar:4    | Noticed a dread lich
 13985 | Tar:4    | Noticed an ancient lich
 13985 | Tar:4    | Noticed an ancient lich
 13993 | Tar:4    | Killed a dread lich
 13995 | Tar:4    | Killed a dread lich
 13995 | Tar:4    | Killed an ancient lich
 13999 | Tar:4    | Killed an ancient lich
 14000 | Tar:4    | Reached skill level 15 in Polearms
 14000 | Tar:4    | Killed an ancient lich
 14000 | Tar:4    | Killed a dread lich
 14002 | Tar:4    | Killed an ancient lich
 14114 | Tar:7    | Entered Level 7 of Tartarus
 14188 | Tar:7    | Reached skill level 27 in Spellcasting
 14332 | Tar:7    | Reached skill level 15 in Fighting
 14332 | Tar:7    | Reached skill level 15 in Dodging
 14343 | Tar:7    | Noticed the Serpent of Hell
 14349 | Tar:7    | Killed the Serpent of Hell
 14362 | Tar:7    | Noticed Ereshkigal
 14373 | Tar:7    | Killed Ereshkigal
 14374 | Tar:7    | Reached skill level 1 in Long Blades
 14374 | Tar:7    | Reached skill level 1 in Armour
 14413 | Tar:7    | Identified the +7 mace of Laceration {vorpal, *Corrode
                  | Int+2 Dex+3}
 14414 | Tar:7    | Identified the +4 great sword "Fosex" {venom, rPois}
 14415 | Tar:7    | Identified the +5 sling "Keoront" {freeze, Int+3 Dex+3}
 14416 | Tar:7    | Got the Reference Book on Boreal Left-Handed Arts
 14416 | Tar:7    | Got a bone rune of Zot
 14421 | Tar:7    | Identified the +9 short sword of Uskayaw {vorpal, rCorr
                  | Str+6 Stlth+}
 14493 | Hell     | Found a gateway to the Iron City of Dis.
 14502 | Dis:1    | Entered Level 1 of the Iron City of Dis
 14529 | Dis:2    | Noticed a caustic shrike
 14529 | Dis:2    | Noticed a caustic shrike
 14534 | Dis:2    | Killed a caustic shrike
 14536 | Dis:2    | Killed a caustic shrike
 14537 | Dis:2    | Noticed a caustic shrike
 14538 | Dis:2    | Noticed a caustic shrike
 14540 | Dis:2    | Noticed a caustic shrike
 14541 | Dis:2    | Noticed a caustic shrike
 14544 | Dis:2    | Killed a caustic shrike
 14545 | Dis:2    | Reached skill level 5 in Conjurations
 14545 | Dis:2    | Killed a caustic shrike
 14546 | Dis:2    | Killed a caustic shrike
 14548 | Dis:2    | Killed a caustic shrike
 14562 | Dis:2    | Noticed a caustic shrike
 14567 | Dis:2    | Killed a caustic shrike
 14685 | Dis:5    | Reached skill level 10 in Earth Magic
 14755 | Dis:6    | Noticed a caustic shrike
 14755 | Dis:6    | Noticed a caustic shrike
 14755 | Dis:6    | Noticed a caustic shrike
 14755 | Dis:6    | Noticed a caustic shrike
 14765 | Dis:6    | Killed a caustic shrike
 14765 | Dis:6    | Killed a caustic shrike
 14766 | Dis:6    | Killed a caustic shrike
 14768 | Dis:6    | Killed a caustic shrike
 14796 | Dis:6    | Noticed a caustic shrike
 14805 | Dis:6    | Noticed a caustic shrike
 14805 | Dis:6    | Killed a caustic shrike
 14810 | Dis:6    | Noticed a caustic shrike
 14823 | Dis:6    | Noticed a caustic shrike
 14824 | Dis:6    | Noticed a caustic shrike
 14829 | Dis:6    | Killed a caustic shrike
 14833 | Dis:6    | Killed a caustic shrike
 14848 | Dis:7    | Entered Level 7 of the Iron City of Dis
 14852 | Dis:7    | Noticed a dread lich
 14862 | Dis:7    | Killed a dread lich
 14863 | Dis:7    | Reached skill level 10 in Conjurations
 14980 | Dis:7    | Noticed a caustic shrike
 14982 | Dis:7    | Noticed a caustic shrike
 14983 | Dis:7    | Killed a caustic shrike
 14987 | Dis:7    | Killed a caustic shrike
 15092 | Dis:7    | Reached skill level 15 in Earth Magic
 15191 | Dis:7    | Found the +4 staff of Dispater
 15191 | Dis:7    | Noticed Dispater
 15203 | Dis:7    | Killed Dispater
 15225 | Dis:7    | Identified the ring "Palo" {rElec Will- MP+9 Dex+4 SInv}
 15234 | Dis:7    | Got an iron rune of Zot
 15660 | Vaults:2 | Found a staircase to the Crypt.
 15670 | Crypt:1  | Entered Level 1 of the Crypt
 15725 | Crypt:3  | Entered Level 3 of the Crypt
 15767 | Crypt:3  | Found a staircase to the Tomb.
 15775 | Tomb:1   | Entered Level 1 of the Tomb of the Ancients
 15833 | Tomb:1   | Noticed a royal mummy
 15838 | Tomb:1   | Noticed a royal mummy
 15839 | Tomb:1   | Killed a royal mummy
 15845 | Tomb:1   | Killed a royal mummy
 15895 | Tomb:2   | Noticed a royal mummy
 15895 | Tomb:2   | Noticed a royal mummy
 15900 | Tomb:2   | Noticed a royal mummy
 15900 | Tomb:2   | Noticed a royal mummy
 15901 | Tomb:2   | Killed a royal mummy
 15905 | Tomb:2   | Killed a royal mummy
 15906 | Tomb:2   | Killed a royal mummy
 15907 | Tomb:2   | Killed a royal mummy
 15971 | Tomb:1   | Noticed a royal mummy
 15976 | Tomb:1   | Killed a royal mummy
 15980 | Tomb:1   | Noticed a royal mummy
 15980 | Tomb:1   | Noticed a royal mummy
 15985 | Tomb:1   | Killed a royal mummy
 15987 | Tomb:1   | Killed a royal mummy
 16005 | Tomb:1   | Noticed a royal mummy
 16008 | Tomb:1   | Killed a royal mummy
 16022 | Tomb:1   | Noticed a royal mummy
 16026 | Tomb:1   | Killed a royal mummy
 16032 | Tomb:1   | Noticed a royal mummy
 16038 | Tomb:1   | Killed a royal mummy
 16055 | Tomb:1   | Noticed a royal mummy
 16055 | Tomb:1   | Noticed a royal mummy
 16055 | Tomb:1   | Noticed a royal mummy
 16057 | Tomb:1   | Noticed a royal mummy
 16062 | Tomb:1   | Killed a royal mummy
 16064 | Tomb:1   | Killed a royal mummy
 16064 | Tomb:1   | Killed a royal mummy
 16066 | Tomb:1   | Killed a royal mummy
 16073 | Tomb:1   | Noticed a royal mummy
 16073 | Tomb:1   | Noticed a royal mummy
 16078 | Tomb:1   | Killed a royal mummy
 16080 | Tomb:1   | Killed a royal mummy
 16134 | Tomb:3   | Entered Level 3 of the Tomb of the Ancients
 16144 | Tomb:3   | Noticed an ancient lich
 16146 | Tomb:3   | Noticed a royal mummy
 16148 | Tomb:3   | Noticed a royal mummy
 16148 | Tomb:3   | Noticed a royal mummy
 16149 | Tomb:3   | Noticed a royal mummy
 16151 | Tomb:3   | Noticed a royal mummy
 16154 | Tomb:3   | Killed an ancient lich
 16157 | Tomb:3   | Noticed a royal mummy
 16158 | Tomb:3   | Noticed a royal mummy
 16159 | Tomb:3   | Noticed a royal mummy
 16159 | Tomb:3   | Noticed a royal mummy
 16161 | Tomb:3   | Killed a royal mummy
 16161 | Tomb:3   | Killed a royal mummy
 16161 | Tomb:3   | Killed a royal mummy
 16161 | Tomb:3   | Killed a royal mummy
 16162 | Tomb:3   | Killed a royal mummy
 16162 | Tomb:3   | Killed a royal mummy
 16163 | Tomb:3   | Killed a royal mummy
 16163 | Tomb:3   | Killed a royal mummy
 16163 | Tomb:3   | Killed a royal mummy
 16176 | Tomb:3   | Got a golden rune of Zot
 16202 | Tomb:3   | Identified the ring "Tiri" {Ice MP-9 Str+3 SInv}
 16207 | Tomb:3   | Got the Vellum of the Blizzard
 16229 | Tomb:3   | Identified the +1 ring mail of Kunierch {rPois}
 16230 | Tomb:3   | Identified the +9 broad axe of Itobby {drain, Int+2}
 16604 | Depths:4 | Noticed a juggernaut
 16611 | Depths:4 | Killed a juggernaut
 16634 | Depths:4 | Found a gate to the Realm of Zot.
 16644 | Zot:1    | Entered Level 1 of the Realm of Zot
 16717 | Zot:2    | Noticed a curse toe
 16725 | Zot:2    | Killed a curse toe
 16736 | Zot:2    | Found a transporter.
 16890 | Zot:5    | Entered Level 5 of the Realm of Zot
 16944 | Zot:5    | Noticed an ancient lich
 16945 | Zot:5    | Noticed a dread lich
 16948 | Zot:5    | Killed an ancient lich
 16958 | Zot:5    | Noticed an orb of fire
 16961 | Zot:5    | Killed an orb of fire
 16964 | Zot:5    | Noticed a Killer Klown
 16966 | Zot:5    | Noticed an ancient lich
 16967 | Zot:5    | Noticed a Killer Klown
 16971 | Zot:5    | Killed a Killer Klown
 16972 | Zot:5    | Noticed a dread lich
 16972 | Zot:5    | Killed an ancient lich
 16977 | Zot:5    | Killed a Killer Klown
 16978 | Zot:5    | Killed a dread lich
 17014 | Zot:5    | Got the Orb of Zot
 17297 | D:15     | Noticed Seka the pandemonium lord
 17501 | D:7      | Noticed Plog the pandemonium lord
 17519 | D:6      | Noticed Giklaij the pandemonium lord
 17617 | D:$      | Escaped with the Orb!

Illustrated notes

Levels and vault maps discovered:
D:1:      sevenhm_arrival_forest_fort_small_2, layout_basic
D:2:      layout_rooms, columned_hall_lemuel, minmay_pentomino_z4
D:3:      layout_rooms, yredelemnul_forgotten_temple_becter, serial_shops, shop,
          nicolae_kite_square_tiling_tiny, amcnicky_mini_corridor_feature,
          grunt_decor_fettered, palyth_stone_intersect
D:4:      layout_gridville, lemuel_doored_altar, lemuel_round_altar,
          hangedman_abyss_or_decor_stagger, uniq_robin, uniq_edmund
D:5:      layout_basic, st_stairs_13
D:6:      layout_loops_ring, xom_butterflies, overflow_temple_1_default,
          minmay_temple_entry_overgrown
D:7:      cheibrodos_steamvent, layout_layer_cave, grunt_ministairs_1
D:8:      layout_rooms, mainiacjoe_overflow_cross_hatched,
          amcnicky_altar_gilded, zin_treasury, uniq_erica
D:9:      layout_long_grid, mainiacjoe_overflow_catwalk,
          lemuel_coloured_pillars_altar, uniq_pikel
D:10:     gammafunk_worm_tunnel, layout_basic, overflow_temple_1_default,
          dpeg_lair_monsters, minmay_protected_statue, uniq_josephine,
          uniq_harold, uniq_maurice, uniq_joseph
D:11:     layout_basic, david_orc_3, hex_intersection, lemuel_flamethrower_hall
D:12:     layout_roguey, serial_shops, nicolae_shop_trees, enter_trove_3,
          glass_columns_b, drop_trap, nicolae_transmutations_shop,
          minmay_rotating_lava
D:13:     layout_roguey, david_vaults_3
D:14:     layout_cross, minivault_26, kennysheep_two_boxes
D:15:     gammafunk_enter_depths_forms, layout_cave_pods
Temple:   grunt_temple_mini_profane
Lair:1:   layout_cave_pods, grunt_megastairs_2
Lair:2:   layout_gridlike, minmay_swamp_entry_worms
Lair:3:   layout_cave_shapes, minmay_snake_entry_guardpost_small,
          portal_ice_cave_entry_pillars_2
Lair:4:   layout_roguey, dpeg_slime_entry_enclosed, st_stairs_3, uniq_snorg
Lair:5:   cheibrodos_lair_end_hotspot, layout_misc_corridors
Swamp:1:  layout_falls_marsh, evilmike_swamp_ruin_house_5,
          infiniplex_staircase_pool, uniq_jorgrun, uniq_donald
Swamp:2:  nzn_winding_woodlands_cross
          [nzn_winding_woodlands_5x15_pathside_ponds,
          nzn_winding_woodlands_5x15_river_crossing,
          nzn_winding_woodlands_5x15_sawtooth,
          nzn_winding_woodlands_5x15_concentric,
          nzn_winding_woodlands_15x15_killbox], layout_falls_marsh,
          evilmike_swamp_ruin_rubble_2, uniq_roxanne
Swamp:3:  gammafunk_sealed_arena, layout_falls_marsh,
          evilmike_swamp_ruin_house_3
Swamp:4:  swamp_icy, layout_basic_swamp
Snake:1:  layout_misc_corridors, dpeg_stationary_puzzle, lemuel_fruit_tree,
          minmay_shop_star
Snake:2:  layout_grid_maze, minmay_shoptagon
Snake:3:  layout_cave_town, serial_shops, nicolae_lakefront_shop, drop_trap,
          uniq_mlioglotl
Snake:4:  johnstein_snake_rune_scales, layout_cave_town, serial_shops,
          nicolae_shop_behind_doors
Slime:1:  layout_caves
Slime:2:  layout_caves
Slime:3:  layout_caves
Slime:4:  layout_caves
Slime:5
Orc:1:    layout_diamond_mine, serial_shops, nicolae_shop_trees
Orc:2:    st_orc_open, layout_caves, nicolae_orc_crystal_geode, uniq_saint_roka
Vaults:1: v_alt_pattern_6, ontoclasm_vaults_gallery,
          nicolae_vaults_border_crossing, vaults_dpeg_cross,
          nicolae_vaults_mini_display_case, layout_vaults_omnigrid
Vaults:2: st_octagons_2, ontoclasm_vaults_shuriken,
          nicolae_vaults_ninety_degrees, hangedman_vaults_river_flow,
          hangedman_vaults_pinch, hangedman_vaults_stretched_pinwheel,
          vaults_room_fancy_cross, minmay_crypt_entry_skeletal_spiral,
          vaults_room_fours, nicolae_vaults_little_squares_2, vaults_dpeg_ring,
          layout_vaults_omnicross, serial_shops, nicolae_shop_overgrown_old_shop
Vaults:3: portal_desolation_entry_holy_temple, nicolae_vaults_network_periphery,
          vaults_standard_mumra_lines, st_greater_box_2,
          ontoclasm_vaults_ring_square, hangedman_vaults_slice,
          nicolae_vaults_ring_of_whatevers, hangedman_vaults_stagger,
          layout_vaults_chaotic_city
Vaults:4: gammafunk_ghost_ooze, hangedman_vaults_impose, v_rooms_6,
          hangedman_vaults_corner, nicolae_vaults_network_star,
          ontoclasm_vaults_gateway, hangedman_vaults_locks,
          ontoclasm_vaults_chip, nicolae_vaults_ring_of_whatevers, v_misc_3,
          nicolae_vaults_little_squares_5, nicolae_vaults_specimen_jars,
          layout_vaults_ring
Vaults:5
Crypt:1:  minmay_guarded_unrand_sceptre_of_torment, layout_catacombs
Crypt:2:  layout_gridlike, uniq_frederick, uniq_khufu, uniq_bai_suzhen
Crypt:3:  church_of_pain_bobbens, layout_chaotic_city,
          nicolae_tomb_entry_rubble_hallway, hangedman_weighted_door
Tomb:1
Tomb:2
Tomb:3
Depths:1: layout_honeycomb, hell_entry, chequers_serial_rivers_small_3,
          nicolae_ru_sacrificial_ziggurat, uniq_mara, uniq_sojobo
Depths:2: minmay_concentric_multi, layout_small_grid, serial_glass,
          glass_columns_a, glass_columns_b, grunt_metal_band,
          rand_demon_pan_entry_7, infiniplex_staircase_hallway_doors
Depths:3: minmay_polygon_palace, layout_cave_pools, abyss_entry,
          pf_vacation_house_of_asmodeus, nicolae_uskayaw_suspiria,
          kennysheep_big_empty_room
Depths:4: hangedman_slaughterboxes, hell_entry
Hell
Dis:1:    layout_jigsaw
Dis:2:    layout_jigsaw, hangedman_dis_decor_tower, nicolae_dis_scattering
Dis:3:    layout_regular_city, nicolae_dis_emergency_hatch
Dis:4:    layout_subdivisions
Dis:5:    layout_jigsaw
Dis:6:    layout_jigsaw
Dis:7:    dis_st
Geh:1:    layout_gehenna_pools_basic
Geh:2:    layout_gehenna_pools_triple
Geh:3:    layout_gehenna_pools_box
Geh:4:    nicolae_geh_erupted_tower, layout_gehenna_pools_triple
Geh:5:    layout_gehenna_lava_caves
Geh:6:    layout_gehenna_pools_basic
Geh:7:    geh_grunt_pentagon
Coc:1:    layout_cocytus_water_paths
Coc:2:    layout_ice_bergs
Coc:3:    layout_cocytus_water_paths
Coc:4:    layout_cocytus_delve, serial_ice, serial_ice_d, serial_ice_b,
          serial_ice_e
Coc:5:    layout_cocytus_water_paths
Coc:6:    layout_ice_bergs
Coc:7:    coc_grunt
Tar:1:    layout_grid_maze
Tar:2:    layout_grid_maze
Tar:3:    hangedman_restless_catacombs
Tar:4:    layout_honeycomb, nicolae_tar_liches_on_tour
Tar:5:    layout_grid_maze, nicolae_tar_cuneiform_oil, door_vault
Tar:6:    layout_grid_maze
Tar:7:    tar_minmay_river
Zot:1:    layout_misc_corridors, uniq_grunn
Zot:2:    gammafunk_its_a_trap, layout_onion_interference
Zot:3:    cheibrodos_zot_enchanting_chambers, layout_onion_interference,
          grunt_megastairs_4
Zot:4:    nicolae_zot_stationary_front, layout_twisted_circle
Zot:5:    layout_misc_corridors

Skill      XL: |  1  2  3  4  5  6  7  8  9 10 11 12 13 14 15 16 17 18 19 20 21 22 23 24 25 26 27 |
---------------+----------------------------------------------------------------------------------+-----
Spellcasting   | 3 4 5 6 8 9 12 13 14 16 17 18 20 22 24 26 27 | 27.0
Earth Magic    | 4 5 6 8 25 | 25.0
Conjurations   | 3 4 10 | 10.0
Necromancy     | 1 5 7 9 11 12 14 16 17 18 19 20 25 | 25.4
Summonings     | 3 4 7 9 |  9.0
Dodging        | 4 6 7 8 10 16 | 16.3
Fighting       | 1 4 6 8 10 15 | 15.2
Ice Magic      | 6 10 11 12 | 12.4
Translocations | 6 7 8 |  8.4
Air Magic      | 7 8 9 14 19 | 19.3
Transmutations | 7 12 16 | 16.0
Shields        | 2 5 13 15 16 | 16.0
Polearms       | 5 21 | 21.1
Fire Magic     | 10 19 | 19.0
Long Blades    | 3 |  3.1
Armour         | 3 |  3.1
Stealth        | |  1.4

Action                   |  1- 3 |  4- 6 |  7- 9 | 10-12 | 13-15 | 16-18 | 19-21 | 22-24 | 25-27 || total
-------------------------+-------+-------+-------+-------+-------+-------+-------+-------+-------++-------
Melee: Whip              |       |       |     6 |    14 |       |       |       |       |       ||    20
       Flail             |       |       |       |     7 |    12 |    23 |     2 |     8 |    17 ||    69
       Staff             |       |       |       |       |       |     1 |       |       |       ||     1
       Punch             |       |       |       |       |       |     1 |       |       |       ||     1
       Demon trident     |       |       |       |       |       |       |       |       |    56 ||    56
Throw: Throwing net      |       |       |       |       |       |     1 |       |       |       ||     1
 Cast: Sandblast         |    31 |    41 |    41 |    21 |       |       |       |       |       ||   134
       Stone Arrow       |       |     5 |    39 |   126 |    15 |    35 |    19 |    80 |    46 ||   365
       Passwall          |       |     1 |    15 |    12 |     1 |     4 |     1 |    16 |    22 ||    72
       Animate Dead      |       |       |     2 |    17 |     7 |    17 |    11 |     7 |     1 ||    62
       Sublimation of Bl |       |       |     2 |     1 |     6 |     7 |     4 |     2 |    47 ||    69
       Borgnjor's Vile C |       |       |       |     7 |    20 |    82 |    87 |   141 |   283 ||   620
       Death Channel     |       |       |       |     3 |    11 |    20 |    13 |    23 |    61 ||   131
       Summon Guardian G |       |       |       |     1 |     1 |       |       |       |       ||     2
       Simulacrum        |       |       |       |       |    38 |    82 |    59 |     8 |       ||   187
       Apportation       |       |       |       |       |       |    53 |    54 |   105 |   109 ||   321
       Freezing Cloud    |       |       |       |       |       |    44 |    25 |    31 |    46 ||   146
       Necromutation     |       |       |       |       |       |       |     3 |    18 |    85 ||   106
       Infestation       |       |       |       |       |       |       |    20 |    94 |   305 ||   419
       Passage of Golubr |       |       |       |       |       |       |       |   201 |   658 ||   859
       Maxwell's Capacit |       |       |       |       |       |       |       |     1 |    38 ||    39
       Haunt             |       |       |       |       |       |       |       |       |   138 ||   138
       Blink             |       |       |       |       |       |       |       |       |    18 ||    18
       Ignition          |       |       |       |       |       |       |       |       |   145 ||   145
Invok: Unearth Wretches  |       |       |       |       |     9 |     2 |     1 |    11 |    64 ||    87
       Receive Forbidden |       |       |       |       |       |     1 |       |       |       ||     1
 Abil: End Transformatio |       |       |       |       |       |       |     1 |     1 |    24 ||    26
Evoke: Wand              |       |       |     5 |    13 |     1 |       |       |       |     1 ||    20
       Lightning rod     |       |       |       |       |       |     1 |       |       |       ||     1
       Tin of tremorston |       |       |       |       |       |       |       |     1 |     1 ||     2
  Use: Scroll            |       |     4 |     2 |     9 |     1 |     9 |     7 |    11 |    31 ||    74
       Potion            |       |       |       |     1 |     1 |     3 |       |       |    28 ||    33
 Stab: Paralysed         |       |       |       |       |     1 |       |       |       |     6 ||     7
       Sleeping          |       |       |       |       |       |       |       |     1 |       ||     1
       Distracted        |       |       |       |       |       |       |       |     1 |     1 ||     2
Armor: Robe              |     9 |     4 |    12 |    15 |     8 |       |       |       |       ||    48
       Skin              |       |       |       |     2 |       |       |       |       |       ||     2
       Leather armour    |       |       |       |       |       |    25 |       |       |       ||    25
       Troll leather arm |       |       |       |       |       |     1 |    14 |    70 |   183 ||   268
Dodge: Dodged            |    12 |    10 |    50 |    68 |    35 |   107 |    71 |   115 |   308 ||   776
       Repelled          |       |       |       |       |       |     1 |     3 |     7 |    21 ||    32
Block: Kite shield       |       |       |       |       |       |       |     4 |   183 |   480 ||   667
